AoeStats
← luke

Golden Pit

509343013Analyzed
1v1 RM · 7d ago on Sep 26, 2026· 44m 46s· 2 players
Game mode
Random Map
Map size
Tiny (2 player)
Population
200
Speed
Normal
Resources
Standard
Victory
Conquest
Starting age
Dark Age
Ending age
Imperial Age
RankedLock teamsTeams togetherTeam positionsShared explorationLock speedFull tech treeHidden civsTurbo modeCheats
Victory
Defeat
🇨🇿 Franks · Czechia
809
+15
🇬🇧 Huns · United Kingdom
789
-15
luke
7:02 Loom
12:08 Feudal Age
13:00 Double-Bit Axe
13:01 Horse Collar
22:17 Castle Age
21:02 Bloodlines
21:09 Gold Mining
21:17 Stone Mining
21:24 Stone Mining
23:15 Padded Archer Armor
24:01 Elite Skirmisher
24:49 Thumb Ring
25:28 Pikeman
31:26 Crossbowman
37:05 Imperial Age
35:35 Fletching
36:37 Scale Barding Armor
37:50 Gold Shaft Mining
37:33 Scale Mail Armor
PinzegCZ
1:11 Loom
10:49 Feudal Age
11:16 Double-Bit Axe
18:53 Castle Age
17:29 Stone Mining
17:32 Gold Mining
23:13 Bow Saw
27:37 Pikeman
28:17 Squires
29:28 Gold Shaft Mining
32:49 Wheelbarrow
35:57 Imperial Age
34:48 Hand Cart
36:08 Forging
35:59 Scale Mail Armor
37:41 Chemistry
37:07 Ballistics
37:01 Siege Engineers
36:50 Halberdier
39:12 Ordonnance Companies
39:35 Cavalier
41:02 Heavy Mounted Crossbowman
41:04 Cranequins
42:22 Conscription
Connection lost

Rejoining the realm…

Still unreachable

The connection could not be restored.

Session expired

The server has moved on; the page needs a fresh start.